[Event "39th Olympiad Khanty-Mansiysk 2010"]
[Site "Khanty-Mansiysk/Russia"]
[Date "2010.09.22"]
[Round "1"]
[White "Pitirotjirathon, Jirapak"]
[Black "Isaev, Jamshed"]
[Result "0-1"]
[WhiteElo "2299"]
[BlackElo "2382"]
[PlyCount "50"]
[EventDate "2010.??.??"]
[WhiteTeam "Thailand"]
[BlackTeam "Tajikistan"]
[WhiteTeamCountry "THA"]
[BlackTeamCountry "TJK"]
[TimeControl "40/5400+30:1800+30"]

1. e4 c5 2. Nf3 d6 3. d4 cxd4 4. Nxd4 Nf6 5. Nc3 a6 6. Bg5 e6 7. f4 Nc6 8. Qd2
h6 9. Bxf6 Qxf6 10. Nf3 Qd8 11. O-O-O b5 12. Kb1 Be7 13. g4 Bb7 14. g5 hxg5 15.
Nxg5 Rc8 16. Rg1 Na5 17. e5 dxe5 18. Qf2 Qc7 19. Nxe6 fxe6 20. Rxg7 Rd8 21. Bd3
e4 22. f5 exd3 23. fxe6 dxc2+ 24. Kxc2 Be4+ 25. Kc1 Qxc3+ 0-1

[Event "39th Olympiad Khanty-Mansiysk 2010"]
[Site "Khanty-Mansiysk/Russia"]
[Date "2010.09.22"]
[Round "1"]
[White "Nikolova, Adriana"]
[Black "Vasquez Ramirez, Rocio"]
[Result "1-0"]
[WhiteElo "2295"]
[BlackElo "2227"]
[PlyCount "59"]
[EventDate "2010.??.??"]
[WhiteTeam "Bulgaria"]
[BlackTeam "Ecuador"]
[WhiteTeamCountry "BUL"]
[BlackTeamCountry "ECU"]
[TimeControl "40/5400+30:1800+30"]

1. e4 c5 2. Nf3 e6 3. d4 cxd4 4. Nxd4 a6 5. Bd3 Qb6 6. Nb3 Qc7 7. Nc3 Nf6 8.
Qe2 Nc6 9. f4 d6 10. O-O b5 11. a4 b4 12. Nd1 g6 13. Bd2 Bg7 14. Ne3 O-O 15. c3
Rb8 16. Nd4 Nxd4 17. cxd4 Qa7 18. Kh1 Qxd4 19. Nf5 Qb6 20. a5 Qd8 21. Nxg7 Kxg7
22. Ra4 b3 23. Rd4 d5 24. exd5 exd5 25. f5 Bb7 26. Qe3 Qe8 27. Qh6+ Kg8 28. Bg5
Nh5 29. f6 Qe5 30. Rh4 1-0

[Event "39th Olympiad Khanty-Mansiysk 2010"]
[Site "Khanty-Mansiysk/Russia"]
[Date "2010.09.22"]
[Round "1"]
[White "Kadziolka, Beata"]
[Black "Gerasimova, Olga"]
[Result "1-0"]
[WhiteElo "2295"]
[BlackElo "2218"]
[PlyCount "55"]
[EventDate "2010.??.??"]
[WhiteTeam "Poland"]
[BlackTeam "ICS"]
[WhiteTeamCountry "POL"]
[TimeControl "40/5400+30:1800+30"]

1. e4 e5 2. Nf3 Nc6 3. Bb5 a6 4. Ba4 Nf6 5. O-O b5 6. Bb3 Be7 7. Re1 d6 8. c3
O-O 9. h3 Nb8 10. d3 Nbd7 11. Nbd2 Bb7 12. Nf1 c5 13. Ng3 Qc7 14. Nf5 Rfe8 15.
Bxf7+ Kxf7 16. Ng5+ Kg8 17. Ne6 Qc6 18. Nexg7 Bf8 19. Nxe8 Rxe8 20. Re3 d5 21.
exd5 Qxd5 22. Rg3+ Kh8 23. Bh6 Bxh6 24. Nxh6 Nf8 25. Qf3 N6d7 26. Qf5 e4 27. c4
Qxf5 28. Nf7+ 1-0

[Event "39th Olympiad Khanty-Mansiysk 2010"]
[Site "Khanty-Mansiysk/Russia"]
[Date "2010.09.22"]
[Round "1"]
[White "Guichard, Pauline"]
[Black "Berzina, Ilze"]
[Result "1/2-1/2"]
[WhiteElo "2293"]
[BlackElo "2283"]
[PlyCount "92"]
[EventDate "2010.??.??"]
[WhiteTeam "France"]
[BlackTeam "Latvia"]
[WhiteTeamCountry "FRA"]
[BlackTeamCountry "LAT"]
[TimeControl "40/5400+30:1800+30"]

1. d4 Nf6 2. c4 e6 3. Nc3 Bb4 4. e3 b6 5. Bd3 Bb7 6. Nf3 Ne4 7. O-O Bxc3 8.
bxc3 O-O 9. Ne1 f5 10. f3 Nd6 11. Nc2 Nc6 12. Rb1 Na5 13. c5 Nf7 14. e4 bxc5
15. exf5 exf5 16. Rb5 c6 17. Rb1 Qf6 18. dxc5 d6 19. Nd4 dxc5 20. Nxf5 Rad8 21.
Qa4 Rxd3 22. Qxa5 Bc8 23. Ng3 Qxc3 24. Qxc3 Rxc3 25. Bb2 Rc2 26. Rfc1 Rxc1+ 27.
Rxc1 Be6 28. Nh5 Rb8 29. Bxg7 Bxa2 30. Rxc5 Rb5 31. Bd4 Rxc5 32. Bxc5 a5 33. f4
Nd8 34. Nf6+ Kg7 35. Bd4 Ne6 36. Bc3 Kg6 37. Nd7 Nxf4 38. Bxa5 Kf5 39. Kf2 h5
40. Bd2 Bd5 41. g3 Nd3+ 42. Ke2 Ne5 43. Nb6 Kg4 44. Bf4 Ng6 45. Bd6 h4 46. Nd7
hxg3 1/2-1/2

[Event "39th Olympiad Khanty-Mansiysk 2010"]
[Site "Khanty-Mansiysk/Russia"]
[Date "2010.09.22"]
[Round "1"]
[White "Vasiliev, Olga"]
[Black "Sarakauskiene, Zivile"]
[Result "1-0"]
[WhiteElo "2293"]
[BlackElo "2171"]
[PlyCount "77"]
[EventDate "2010.??.??"]
[WhiteTeam "Israel"]
[BlackTeam "Lithuania"]
[WhiteTeamCountry "ISR"]
[BlackTeamCountry "LTU"]
[TimeControl "40/5400+30:1800+30"]

1. e4 c5 2. Nf3 e6 3. d4 cxd4 4. Nxd4 a6 5. Bd3 Qc7 6. O-O Nf6 7. Qe2 d6 8. c4
Be7 9. Nc3 Nbd7 10. f4 O-O 11. Be3 Re8 12. Rac1 Bf8 13. Nf3 Ng4 14. Bd2 g6 15.
h3 Ngf6 16. g4 Nc5 17. Bc2 b6 18. b4 Nb7 19. e5 Nd7 20. Ne4 Bg7 21. Ba4 Rd8 22.
Bc3 a5 23. Bxd7 Bxd7 24. Nf6+ Bxf6 25. exf6 axb4 26. Bxb4 Rdc8 27. Rfd1 b5 28.
Qe3 Qd8 29. Bxd6 Qxf6 30. Be5 Qe7 31. Bd4 bxc4 32. g5 Ba4 33. Qe5 f6 34. gxf6
Qd6 35. f7+ Kxf7 36. Qg7+ Ke8 37. Qg8+ Kd7 38. Qf7+ Kc6 39. Ne5+ 1-0

[Event "39th Olympiad Khanty-Mansiysk 2010"]
[Site "Khanty-Mansiysk/Russia"]
[Date "2010.09.22"]
[Round "1"]
[White "Foisor, Sabina-Francesca"]
[Black "Vahtra, Tuuli"]
[Result "1/2-1/2"]
[WhiteElo "2293"]
[BlackElo "1991"]
[PlyCount "77"]
[EventDate "2010.??.??"]
[WhiteTeam "United States"]
[BlackTeam "Estonia"]
[WhiteTeamCountry "USA"]
[BlackTeamCountry "EST"]
[TimeControl "40/5400+30:1800+30"]

1. Nf3 e6 2. g3 d5 3. Bg2 g6 4. O-O Bg7 5. c4 Ne7 6. d3 O-O 7. Qc2 c6 8. Nc3 d4
9. Nb1 e5 10. e3 c5 11. exd4 cxd4 12. Ne1 Nbc6 13. Nd2 f5 14. f4 Kh8 15. Rb1
Be6 16. b4 Rc8 17. Qd1 e4 18. dxe4 fxe4 19. Bxe4 Nf5 20. Nd3 Ne3 21. Qf3 Bg4
22. Qf2 Nxf1 23. Qxf1 b6 24. Bb2 Ne7 25. Rc1 Nf5 26. c5 Ne3 27. Qe1 b5 28. c6
Re8 29. Nc5 Bf5 30. Qe2 Bxe4 31. Ncxe4 Qd5 32. Rc5 Qe6 33. Qxb5 Qh3 34. Qe2 h6
35. b5 Qe6 36. Qd3 Qh3 37. Qe2 Qe6 38. Qd3 Qh3 39. Qe2 1/2-1/2

[Event "39th Olympiad Khanty-Mansiysk 2010"]
[Site "Khanty-Mansiysk/Russia"]
[Date "2010.09.22"]
[Round "1"]
[White "Chatterjee, Debaraj"]
[Black "Chumfwa, Kelvin"]
[Result "1-0"]
[WhiteElo "2288"]
[BlackElo "2224"]
[PlyCount "69"]
[EventDate "2010.??.??"]
[WhiteTeam "Bangladesh"]
[BlackTeam "Zambia"]
[WhiteTeamCountry "BAN"]
[BlackTeamCountry "ZAM"]
[TimeControl "40/5400+30:1800+30"]

1. d4 Nf6 2. c4 e6 3. Nf3 b6 4. g3 Ba6 5. b3 Bb4+ 6. Bd2 Be7 7. Nc3 O-O 8. Bg2
d5 9. cxd5 exd5 10. O-O Nbd7 11. Ne5 Bb7 12. f4 c5 13. e3 Ne4 14. Nxe4 dxe4 15.
Bc3 cxd4 16. Bxd4 Nxe5 17. fxe5 f5 18. g4 Bc8 19. gxf5 Bxf5 20. Qb1 Qe8 21.
Rxf5 Rxf5 22. Qxe4 Rg5 23. Qd5+ Kh8 24. Rf1 Rc8 25. Qe4 Qh5 26. Kh1 Qe2 27. Qb7
Rf8 28. Rg1 Bb4 29. e6 Qh5 30. e7 Re8 31. Rf1 Bd6 32. h3 Bxe7 33. Qxe7 Rg8 34.
Rf8 Qd1+ 35. Kh2 1-0

[Event "39th Olympiad Khanty-Mansiysk 2010"]
[Site "Khanty-Mansiysk/Russia"]
[Date "2010.09.22"]
[Round "1"]
[White "Rooze, Jan"]
[Black "Anuruddha, G C."]
[Result "1-0"]
[WhiteElo "2288"]
[BlackElo "2144"]
[PlyCount "137"]
[EventDate "2010.??.??"]
[WhiteTeam "Belgium"]
[BlackTeam "Sri Lanka"]
[WhiteTeamCountry "BEL"]
[BlackTeamCountry "SRI"]
[TimeControl "40/5400+30:1800+30"]

1. e4 g6 2. d4 Bg7 3. Nc3 d6 4. Be3 c6 5. Qd2 b5 6. Bd3 a6 7. Nf3 Nd7 8. a4 Bb7
9. O-O Ngf6 10. Bh6 O-O 11. Bxg7 Kxg7 12. e5 Ne8 13. Ne4 Nb6 14. b3 Rc8 15.
Rfe1 f5 16. Neg5 Nc7 17. a5 Nd7 18. exd6 exd6 19. d5 cxd5 20. Nd4 Rf6 21. Nge6+
Nxe6 22. Nxe6+ Rxe6 23. Rxe6 Nc5 24. Re2 Qf6 25. Rd1 Rd8 26. f3 Rd7 27. Rde1
Rf7 28. b4 Qd4+ 29. Rf2 Na4 30. Bf1 Qxd2 31. Rxd2 Rc7 32. Re6 Rd7 33. Re3 Rc7
34. Bd3 Nc3 35. g4 f4 36. Re6 Rd7 37. g5 d4 38. Be4 d5 39. Bd3 Rf7 40. Bf1 Bc8
41. Rc6 Bb7 42. Rb6 Bc8 43. Rxd4 Na2 44. Rc6 Bb7 45. Rc5 h6 46. h4 hxg5 47.
hxg5 Kf8 48. Bd3 Kg7 49. Kf2 Nc1 50. Bf1 Kf8 51. Rd1 Na2 52. c3 d4 53. Rxd4 Nc1
54. Rd6 Nb3 55. Re5 Rc7 56. Rf6+ Kg7 57. Ree6 Bd5 58. Rxg6+ Kf8 59. Ref6+ Ke8
60. Rxf4 Rxc3 61. Rxa6 Rc2+ 62. Kg3 Bc4 63. Bxc4 bxc4 64. g6 Nd2 65. Ra8+ Ke7
66. Rf7+ Ke6 67. Re8+ Kd6 68. g7 Nf1+ 69. Kf4 1-0

[Event "39th Olympiad Khanty-Mansiysk 2010"]
[Site "Khanty-Mansiysk/Russia"]
[Date "2010.09.22"]
[Round "1"]
[White "Schut, Lisa"]
[Black "Treppendahl, Trine"]
[Result "1-0"]
[WhiteElo "2288"]
[BlackElo "2009"]
[PlyCount "65"]
[EventDate "2010.??.??"]
[WhiteTeam "Netherlands"]
[BlackTeam "Denmark"]
[WhiteTeamCountry "NED"]
[BlackTeamCountry "DEN"]
[TimeControl "40/5400+30:1800+30"]

1. e4 c6 2. d4 d5 3. Nc3 dxe4 4. Nxe4 Nf6 5. Nxf6+ gxf6 6. c3 Bf5 7. Ne2 Nd7 8.
Ng3 Bg6 9. h4 h5 10. Be2 Qa5 11. b4 Qc7 12. Nxh5 e5 13. Ng3 Bd6 14. h5 Bh7 15.
O-O exd4 16. Qxd4 Be5 17. Qe3 O-O-O 18. Bg4 Kb8 19. f4 Bd6 20. Qf2 b6 21. Be3
Rhg8 22. Bf5 Rxg3 23. Bxh7 Rg7 24. Be4 Rh8 25. Rad1 f5 26. Bf3 Nf6 27. Bd4 Ng4
28. Bxg4 Rxg4 29. Bxh8 Bxf4 30. Rfe1 Bh2+ 31. Kh1 Bg3 32. Qxg3 Rxg3 33. Be5 1-0

[Event "39th Olympiad Khanty-Mansiysk 2010"]
[Site "Khanty-Mansiysk/Russia"]
[Date "2010.09.22"]
[Round "1"]
[White "Johannes, Manyedi Mabusel"]
[Black "Croes, Octavio"]
[Result "1/2-1/2"]
[WhiteElo "2288"]
[BlackElo "1951"]
[PlyCount "69"]
[EventDate "2010.??.??"]
[WhiteTeam "South Africa"]
[BlackTeam "ARU"]
[WhiteTeamCountry "RSA"]
[TimeControl "40/5400+30:1800+30"]

1. d4 Nf6 2. c4 e6 3. Nc3 Bb4 4. Qc2 O-O 5. a3 Bxc3+ 6. Qxc3 Ne4 7. Qc2 f5 8.
e3 b6 9. Nh3 Bb7 10. f3 Nf6 11. Bd3 Qe7 12. O-O c5 13. Bd2 Nc6 14. Bc3 d6 15.
b4 d5 16. dxc5 bxc5 17. Bxf6 Rxf6 18. cxd5 exd5 19. Qxc5 Qxc5 20. bxc5 Ne5 21.
Nf2 Rc8 22. Rfc1 Nxd3 23. Nxd3 Ba6 24. Ne5 f4 25. Kf2 Rf5 26. exf4 Rxf4 27. g3
Ra4 28. c6 Kf8 29. Rc5 Bc4 30. Rc1 Rxa3 31. Nxc4 dxc4 32. R1xc4 Ke7 33. Rd4 Rc7
34. f4 Ra6 35. Re5+ 1/2-1/2

[Event "39th Olympiad Khanty-Mansiysk 2010"]
[Site "Khanty-Mansiysk/Russia"]
[Date "2010.09.22"]
[Round "1"]
[White "Ziaziulkina, Nastassia"]
[Black "Amura, Claudia"]
[Result "1-0"]
[WhiteElo "2284"]
[BlackElo "2329"]
[PlyCount "105"]
[EventDate "2010.??.??"]
[WhiteTeam "Belarus"]
[BlackTeam "Argentina"]
[WhiteTeamCountry "BLR"]
[BlackTeamCountry "ARG"]
[TimeControl "40/5400+30:1800+30"]

1. e4 g6 2. d4 Bg7 3. Nc3 d6 4. Be3 a6 5. a4 Nf6 6. Qd2 Nc6 7. h3 e5 8. d5 Ne7
9. g4 c5 10. Nge2 Qa5 11. Ra2 Bd7 12. f4 Qb4 13. Bg2 exf4 14. Nxf4 h6 15. Nd3
Qa5 16. e5 dxe5 17. Bxc5 e4 18. Nxe4 Qxd2+ 19. Kxd2 Nxe4+ 20. Bxe4 Bf6 21. Rf1
Bg5+ 22. Be3 f5 23. Bf3 O-O-O 24. c4 Rde8 25. Re1 Ng8 26. Nc5 Nf6 27. Bxg5 hxg5
28. Rxe8+ Bxe8 29. d6 b6 30. Ne6 Rxh3 31. Nxg5 Rh2+ 32. Ke3 fxg4 33. Ba8 Kd7
34. a5 bxa5 35. c5 g3 36. Nf3 Rf2 37. Ra1 Rxb2 38. Rd1 Ke6 39. Kf4 Rb4+ 40.
Kxg3 Ba4 41. Re1+ Kd7 42. Ne5+ Kc8 43. Bf3 g5 44. Rf1 Bb5 45. Bb7+ Kxb7 46.
Rxf6 Rb3+ 47. Kg4 Rc3 48. Rf7+ Kb8 49. Rc7 Re3 50. Kf5 a4 51. c6 Rxe5+ 52. Kxe5
a3 53. Rb7+ 1-0

[Event "39th Olympiad Khanty-Mansiysk 2010"]
[Site "Khanty-Mansiysk/Russia"]
[Date "2010.09.22"]
[Round "1"]
[White "Mansour, Sameer"]
[Black "Righi, Ezio"]
[Result "1-0"]
[WhiteElo "2283"]
[BlackElo "2116"]
[PlyCount "41"]
[EventDate "2010.??.??"]
[WhiteTeam "Jordan"]
[BlackTeam "San Marino"]
[WhiteTeamCountry "JOR"]
[BlackTeamCountry "SMR"]
[TimeControl "40/5400+30:1800+30"]

1. d4 c5 2. e3 e6 3. Nf3 Nf6 4. Bd3 d5 5. c3 Nbd7 6. O-O Be7 7. Nbd2 b6 8. Ne5
Bb7 9. f4 Ne4 10. Nxe4 dxe4 11. Bb5 Bc8 12. dxc5 Bxc5 13. b4 Be7 14. Qa4 a6 15.
Rd1 axb5 16. Qxa8 O-O 17. Qa7 Bf6 18. Nxd7 Bxc3 19. Bb2 Bxb2 20. Nxf8 Qxf8 21.
Qc7 1-0

[Event "39th Olympiad Khanty-Mansiysk 2010"]
[Site "Khanty-Mansiysk/Russia"]
[Date "2010.09.22"]
[Round "1"]
[White "Chua, Zheng Yuan Terry"]
[Black "Gelashvili, Tamaz"]
[Result "0-1"]
[WhiteElo "2280"]
[BlackElo "2611"]
[PlyCount "90"]
[EventDate "2010.??.??"]
[WhiteTeam "Singapore"]
[BlackTeam "Georgia"]
[WhiteTeamCountry "SIN"]
[BlackTeamCountry "GEO"]
[TimeControl "40/5400+30:1800+30"]

1. e4 Nc6 2. d4 e5 3. d5 Nce7 4. c4 Ng6 5. Nc3 Bb4 6. Qb3 a5 7. Be3 Nf6 8. f3
d6 9. Nge2 O-O 10. h4 Nh5 11. g4 Nhf4 12. Nxf4 exf4 13. Bf2 Ne5 14. Be2 b6 15.
O-O-O Bc5 16. Be1 Be3+ 17. Kb1 Ba6 18. Nb5 Bxb5 19. cxb5 a4 20. Qc2 a3 21. b3
g6 22. Bc3 Qe7 23. Rh2 h6 24. g5 hxg5 25. hxg5 Kg7 26. Rdh1 Rh8 27. Bd1 Qxg5
28. Be1 Qe7 29. Qg2 Rag8 30. Rh3 Qd7 31. Bh4 Qxb5 32. Bf6+ Kxf6 33. Rxh8 Rxh8
34. Rxh8 Nc4 35. Qg4 Nd2+ 36. Kc2 Qc5+ 37. Kd3 Qd4+ 38. Ke2 Nxe4 39. Qh4+ Ng5
40. Qe1 Qxd5 41. Qc3+ Bd4 42. Qd3 b5 43. Re8 b4 44. Kf1 Ne6 45. Qd2 Qb5+ 0-1

[Event "39th Olympiad Khanty-Mansiysk 2010"]
[Site "Khanty-Mansiysk/Russia"]
[Date "2010.09.22"]
[Round "1"]
[White "Calzetta Ruiz, Monica"]
[Black "Paridar, Shadi"]
[Result "1-0"]
[WhiteElo "2280"]
[BlackElo "2242"]
[PlyCount "125"]
[EventDate "2010.??.??"]
[WhiteTeam "Espana"]
[BlackTeam "Iran"]
[WhiteTeamCountry "ESP"]
[BlackTeamCountry "IRI"]
[TimeControl "40/5400+30:1800+30"]

1. e4 c5 2. Nf3 Nc6 3. d4 cxd4 4. Nxd4 Qc7 5. Nc3 e6 6. f4 a6 7. Nxc6 Qxc6 8.
Bd3 b5 9. Qe2 Bb7 10. Bd2 Rc8 11. O-O Be7 12. a3 Nf6 13. e5 Nd5 14. Ne4 f5 15.
exf6 Nxf6 16. Ng5 O-O 17. Kh1 h6 18. Nf3 Bd6 19. Rae1 Qc7 20. Ne5 Bd5 21. a4
bxa4 22. c4 Ba8 23. Bc3 Qd8 24. Bb1 Qe8 25. Ng6 Rf7 26. Qd3 Be7 27. Ne5 Rf8 28.
Ng6 Rf7 29. f5 Rc6 30. fxe6 Rxe6 31. Ne5 Be4 32. Rxe4 Nxe4 33. Nxf7 Bf6 34.
Bxf6 Rxf6 35. Rxf6 Nxf6 36. Nxh6+ gxh6 37. Qg3+ Kh8 38. h3 Qh5 39. Bc2 Qc5 40.
Qg6 Qg5 41. Qxg5 hxg5 42. Bxa4 Kg7 43. Kg1 Kf7 44. Kf2 Ke6 45. Ke3 Ke5 46. Bd1
d5 47. Kd3 dxc4+ 48. Kxc4 Nd5 49. Bf3 Nb6+ 50. Kb4 Kd4 51. b3 Nd7 52. Be2 Nb8
53. Ka5 Kc3 54. Bc4 Kb2 55. g3 Kc3 56. h4 gxh4 57. gxh4 Kd4 58. Bxa6 Nd7 59. b4
Ne5 60. Kb6 Kd5 61. Kc7 Ke6 62. Be2 Kf6 63. b5 1-0

[Event "39th Olympiad Khanty-Mansiysk 2010"]
[Site "Khanty-Mansiysk/Russia"]
[Date "2010.09.22"]
[Round "1"]
[White "Sanchez, Castillo Sarai"]
[Black "Paehtz, Elisabeth"]
[Result "0-1"]
[WhiteElo "2278"]
[BlackElo "2467"]
[PlyCount "66"]
[EventDate "2010.??.??"]
[WhiteTeam "Venezuela"]
[BlackTeam "Germany"]
[WhiteTeamCountry "VEN"]
[BlackTeamCountry "GER"]
[TimeControl "40/5400+30:1800+30"]

1. e4 e5 2. Nf3 Nc6 3. Bc4 Nf6 4. d3 Be7 5. Nbd2 O-O 6. c3 a6 7. Bb3 d6 8. Nf1
Na5 9. Bc2 c5 10. Ng3 Nc6 11. O-O Re8 12. Re1 Bf8 13. h3 h6 14. Nh2 Be6 15. Ng4
Nxg4 16. hxg4 d5 17. Qf3 d4 18. Bb3 Bxb3 19. axb3 Qb6 20. Ra3 c4 21. b4 cxd3
22. Qxd3 Rad8 23. Qf3 a5 24. bxa5 Nxa5 25. Ra2 Nb3 26. cxd4 Nxd4 27. Qd3 Qe6
28. Qb1 Bb4 29. Rf1 Qxg4 30. Ra4 Bc5 31. b4 Nf3+ 32. gxf3 Qxg3+ 33. Kh1 Bxf2
0-1

[Event "39th Olympiad Khanty-Mansiysk 2010"]
[Site "Khanty-Mansiysk/Russia"]
[Date "2010.09.22"]
[Round "1"]
[White "Simonet, Marc"]
[Black "Urbina, Ricardo"]
[Result "0-1"]
[WhiteElo "2277"]
[BlackElo "2226"]
[PlyCount "62"]
[EventDate "2010.??.??"]
[WhiteTeam "Andorra"]
[BlackTeam "Honduras"]
[WhiteTeamCountry "AND"]
[BlackTeamCountry "HON"]
[TimeControl "40/5400+30:1800+30"]

1. c4 c6 2. Nf3 d5 3. g3 Nf6 4. Bg2 Bg4 5. Ne5 dxc4 6. Nxg4 Nxg4 7. Na3 e6 8.
Nxc4 Qd4 9. Ne3 Nxe3 10. fxe3 Qd7 11. b3 h5 12. Bb2 h4 13. Qc2 hxg3 14. hxg3
Rxh1+ 15. Bxh1 Qc7 16. O-O-O Qxg3 17. e4 Qc7 18. d4 Na6 19. Kb1 O-O-O 20. Rf1
f6 21. Qc3 Kb8 22. Qh3 Qd7 23. Bf3 c5 24. e3 Nb4 25. Bg4 Qc6 26. Qg2 Qa6 27.
Bc1 Qd3+ 28. Kb2 cxd4 29. Bxe6 Qc3+ 30. Kb1 dxe3 31. a3 Rd2 0-1

[Event "39th Olympiad Khanty-Mansiysk 2010"]
[Site "Khanty-Mansiysk/Russia"]
[Date "2010.09.22"]
[Round "1"]
[White "Rama, Lorenc"]
[Black "Miton, Kamil"]
[Result "0-1"]
[WhiteElo "2276"]
[BlackElo "2629"]
[PlyCount "80"]
[EventDate "2010.??.??"]
[WhiteTeam "Albania"]
[BlackTeam "Poland"]
[WhiteTeamCountry "ALB"]
[BlackTeamCountry "POL"]
[TimeControl "40/5400+30:1800+30"]

1. Nf3 Nf6 2. c4 g6 3. Nc3 Bg7 4. e4 d6 5. d4 O-O 6. Be2 e5 7. O-O Na6 8. Re1
Qe8 9. Bf1 Bg4 10. d5 Nb4 11. Be2 a5 12. a3 Na6 13. Nd2 Bd7 14. b3 Nc5 15. Rb1
h5 16. Qc2 Bh6 17. b4 axb4 18. axb4 Na4 19. Nb5 Qe7 20. Ra1 Bxb5 21. cxb5 Nb6
22. Rxa8 Rxa8 23. Nb3 Bxc1 24. Rxc1 Ra4 25. f3 Rxb4 26. Qc3 Nfxd5 27. exd5 Nxd5
28. Qd2 Nf4 29. Qxb4 Qg5 30. Qxf4 Qxf4 31. Kf2 Qb4 32. Rxc7 Qxb3 33. Rxb7 d5
34. b6 Kg7 35. Rb8 Qb2 36. Kf1 Qc1+ 37. Kf2 Qb2 38. Kf1 d4 39. Bd3 Qc1+ 40. Ke2
Qe3+ 0-1

[Event "39th Olympiad Khanty-Mansiysk 2010"]
[Site "Khanty-Mansiysk/Russia"]
[Date "2010.09.22"]
[Round "1"]
[White "Infante, Miguel"]
[Black "Nakamura, Ryuji"]
[Result "1/2-1/2"]
[WhiteElo "2276"]
[BlackElo "2187"]
[PlyCount "91"]
[EventDate "2010.??.??"]
[WhiteTeam "Dominican Republic"]
[BlackTeam "Japan"]
[WhiteTeamCountry "DOM"]
[BlackTeamCountry "JPN"]
[TimeControl "40/5400+30:1800+30"]

1. d4 d5 2. c4 e6 3. Nf3 Nf6 4. g3 Bb4+ 5. Bd2 Be7 6. Bg2 O-O 7. O-O Nbd7 8.
Qc2 c6 9. Rd1 b6 10. Bf4 Bb7 11. Nc3 Nh5 12. Bc1 f5 13. b3 Bd6 14. Bb2 Qe7 15.
e3 Nhf6 16. Ne2 Rac8 17. Nf4 Rfd8 18. Nd3 c5 19. Rac1 dxc4 20. bxc4 Ne4 21. Qa4
Bb8 22. Qb3 Ndf6 23. Ba3 Bd6 24. Bb2 Ng4 25. Ba1 Ba8 26. Qb2 Rb8 27. Qe2 Qf7
28. dxc5 bxc5 29. Nfe5 Nxe5 30. Bxe5 Bxe5 31. Nxe5 Qc7 32. Nd3 Nf6 33. Bxa8
Rxa8 34. Nf4 Qe5 35. Rxd8+ Rxd8 36. Rd1 Rb8 37. Qd3 Rb6 38. Qd8+ Kf7 39. Nd3
Qd6 40. Qc8 Ne4 41. f4 Kf6 42. Nf2 Rb8 43. Nxe4+ fxe4 44. Rxd6 Rxc8 45. Ra6 Rc7
46. g4 1/2-1/2

[Event "39th Olympiad Khanty-Mansiysk 2010"]
[Site "Khanty-Mansiysk/Russia"]
[Date "2010.09.22"]
[Round "1"]
[White "Velcheva, Maria"]
[Black "Romero Echeverria, Abigai"]
[Result "1/2-1/2"]
[WhiteElo "2272"]
[BlackElo "2058"]
[PlyCount "114"]
[EventDate "2010.??.??"]
[WhiteTeam "Bulgaria"]
[BlackTeam "Ecuador"]
[WhiteTeamCountry "BUL"]
[BlackTeamCountry "ECU"]
[TimeControl "40/5400+30:1800+30"]

1. e4 c5 2. Nf3 e6 3. d4 cxd4 4. Nxd4 a6 5. c4 Nf6 6. Nc3 Bb4 7. Bd3 Nc6 8. Be3
Qc7 9. Nxc6 dxc6 10. O-O e5 11. Na4 Bd6 12. c5 Be7 13. Nb6 Rb8 14. Nxc8 Rxc8
15. f3 O-O 16. b4 Rcd8 17. Qb3 h6 18. Bc4 Nh7 19. f4 Nf6 20. Rae1 Ng4 21. Bc1
b5 22. Be2 Nf6 23. fxe5 Qxe5 24. Bf3 Qd4+ 25. Be3 Qd3 26. Qb2 Rfe8 27. Bf2 Qd2
28. Qa3 Qd7 29. Rd1 Qe6 30. Rxd8 Rxd8 31. Re1 Rd2 32. Qxa6 Rxa2 33. Qb7 Bf8 34.
e5 Nd5 35. h3 Nxb4 36. Bg4 Qe7 37. Qxe7 Bxe7 38. e6 Nd3 39. exf7+ Kf8 40. Re2
Rxe2 41. Bxe2 Nxf2 42. Kxf2 Bxc5+ 43. Ke1 Kxf7 44. Bf3 Bb4+ 45. Ke2 c5 46. Bc6
Ke6 47. Bxb5 Ke5 48. Kd3 Kf4 49. Bc6 g5 50. Bf3 Kg3 51. Bd5 h5 52. Bf3 g4 53.
hxg4 hxg4 54. Bd5 Kf4 55. Bc6 Kg3 56. Bd5 Kf4 57. Bc6 Kg3 1/2-1/2

[Event "39th Olympiad Khanty-Mansiysk 2010"]
[Site "Khanty-Mansiysk/Russia"]
[Date "2010.09.22"]
[Round "1"]
[White "Guerrero, Alvaro"]
[Black "Volodin, Aleksandr"]
[Result "0-1"]
[WhiteElo "2270"]
[BlackElo "2433"]
[PlyCount "46"]
[EventDate "2010.??.??"]
[WhiteTeam "Uruguay"]
[BlackTeam "Estonia"]
[WhiteTeamCountry "URU"]
[BlackTeamCountry "EST"]
[TimeControl "40/5400+30:1800+30"]

1. d4 Nf6 2. c4 c5 3. d5 b5 4. cxb5 a6 5. f3 d6 6. e4 g6 7. Na3 Bg7 8. Ne2 e6
9. Nc3 O-O 10. Bc4 exd5 11. Nxd5 Nxd5 12. Bxd5 Ra7 13. O-O Nd7 14. Kh1 Nb6 15.
Bb3 Rd7 16. Qe2 axb5 17. Qxb5 Ra7 18. Nc4 Ba6 19. Qxb6 Qxb6 20. Nxb6 Bxf1 21.
Bf4 Rb8 22. Rxf1 Rxb6 23. Rf2 Rxb3 0-1

[Event "39th Olympiad Khanty-Mansiysk 2010"]
[Site "Khanty-Mansiysk/Russia"]
[Date "2010.09.22"]
[Round "1"]
[White "Medic, Mirjana"]
[Black "Hamrakulova, Yulduz"]
[Result "1-0"]
[WhiteElo "2264"]
[BlackElo "2207"]
[PlyCount "145"]
[EventDate "2010.??.??"]
[WhiteTeam "Croatia"]
[BlackTeam "Uzbekistan"]
[WhiteTeamCountry "CRO"]
[BlackTeamCountry "UZB"]
[TimeControl "40/5400+30:1800+30"]

1. d4 Nf6 2. c4 e6 3. Nc3 Bb4 4. e3 O-O 5. Bd3 c5 6. Nge2 Nc6 7. O-O b6 8. Ne4
cxd4 9. exd4 d5 10. cxd5 exd5 11. N4g3 h6 12. Qa4 Bd7 13. Bb5 Nxd4 14. Nxd4
Bxb5 15. Qxb5 Bc5 16. Qd3 Qd7 17. Ngf5 Ne4 18. Bf4 Rad8 19. Rad1 Kh7 20. Ne3 g5
21. Bg3 f5 22. f3 Nxg3 23. hxg3 Kh8 24. b4 Bxb4 25. Nexf5 Rf6 26. g4 Bc5 27. g3
Qa4 28. Rd2 Re8 29. Kg2 Qc4 30. Qxc4 dxc4 31. Rc2 Bxd4 32. Nxd4 Rd6 33. Rxc4
Red8 34. Nb3 a5 35. Rf2 b5 36. Rcc2 a4 37. Nc5 Rd5 38. Ne4 b4 39. Rc7 Rf8 40.
Rb7 Rd4 41. Nc5 Ra8 42. Re2 Rc4 43. Nxa4 Rac8 44. Nb6 Rc2 45. Rbe7 R8c7 46.
Re8+ Kg7 47. Kf2 Kf7 48. Rxc2 Rxc2+ 49. Re2 Rc5 50. Nd7 Rb5 51. Ne5+ Kf6 52. f4
b3 53. axb3 Rxb3 54. Re3 Rb4 55. Kf3 Ra4 56. Rc3 Ra7 57. Rc6+ Kg7 58. fxg5 hxg5
59. Rg6+ Kh7 60. Rxg5 Ra1 61. Rf5 Ra4 62. g5 Ra3+ 63. Kg4 Ra4+ 64. Rf4 Ra3 65.
Rf7+ Kg8 66. Rc7 Ra4+ 67. Kf5 Ra6 68. Ng4 Ra1 69. Nf6+ Kf8 70. Kg6 Ra7 71. Rc8+
Ke7 72. Re8+ Kd6 73. Kh6 1-0

[Event "39th Olympiad Khanty-Mansiysk 2010"]
[Site "Khanty-Mansiysk/Russia"]
[Date "2010.09.22"]
[Round "1"]
[White "Petrenko, Svetlana"]
[Black "Ortiz, Nadya Karolina"]
[Result "0-1"]
[WhiteElo "2263"]
[BlackElo "2212"]
[PlyCount "154"]
[EventDate "2010.??.??"]
[WhiteTeam "Moldova"]
[BlackTeam "Colombia"]
[WhiteTeamCountry "MDA"]
[BlackTeamCountry "COL"]
[TimeControl "40/5400+30:1800+30"]

1. e4 c5 2. Nf3 e6 3. d4 cxd4 4. Nxd4 a6 5. Nc3 b5 6. Bd3 Qb6 7. Nb3 Qc7 8. O-O
Bb7 9. f4 d6 10. a3 Nf6 11. Qf3 Be7 12. Qh3 Nc6 13. Be3 h5 14. Kh1 Ng4 15. Bg1
g5 16. Be2 O-O-O 17. Bxg4 hxg4 18. Qxg4 Rh4 19. Qg3 d5 20. exd5 gxf4 21. Qe1
Ne5 22. Nd4 Rdh8 23. Ncxb5 axb5 24. Nxb5 Rxh2+ 25. Bxh2 Ng4 26. Nxc7 Bc5 27.
Rf2 Nxf2+ 28. Kg1 Nd3+ 29. Kf1 Nxe1 30. Bxf4 Rh1+ 31. Ke2 Nxg2 32. Rxh1 Nxf4+
33. Kd2 Kxc7 34. Rh7 Nxd5 35. Rxf7+ Kb6 36. c4 Nc7 37. b4 Bd4 38. a4 Bg2 39.
a5+ Kc6 40. Kd3 Be5 41. a6 Nxa6 42. b5+ Kb6 43. bxa6 Kxa6 44. Rf2 Bh3 45. Ke4
Bc3 46. Kd3 Bg7 47. Ke4 Kb6 48. Rf7 Bc3 49. Kd3 Ba1 50. Rf8 Bf5+ 51. Ke3 Be5
52. Rc8 Bh2 53. Rh8 Be5 54. Rc8 Bc7 55. Rh8 Kc6 56. Kd4 e5+ 57. Kc3 Kc5 58. Rh6
Ba5+ 59. Kb3 Bd3 60. Rh4 Be1 61. Rg4 Bd2 62. Rh4 Bf4 63. Kc3 Bxc4 64. Rh8 Be6
65. Kd3 Bf5+ 66. Ke2 Kd4 67. Kf3 Be4+ 68. Kg4 Bc2 69. Rc8 Ba4 70. Rf8 Ke4 71.
Rd8 Bb3 72. Rd6 Bc4 73. Rc6 Be2+ 74. Kh3 Kf3 75. Rc3+ Kf2 76. Ra3 e4 77. Ra4
Kf3 0-1